 Dungeon Crawl Stone Soup version 0.28-a0-43-g560ac104fe (webtiles) character file.

Game seed: 10221653650990841759

15 Spectrina the Sneak (level 2, -1/18 HPs)
             Began as a Deep Elf Delver on July 28, 2021.
             Was an Initiate of Kikubaaqudgha.
             Slain by a ball python (2 damage)
             ... on level 4 of the Dungeon.
             The game lasted 00:02:32 (277 turns).

Spectrina the Sneak (Deep Elf Delver)                Turns: 277, Time: 00:02:33

Health: -1/18      AC:  4    Str:  9    XL:     2   Next: 34%
Magic:  4/4        EV: 12    Int: 14    God:    Kikubaaqudgha [......]
Gold:   0          SH:  0    Dex: 16    Spells: 1/1 levels left

rFire   . . .      SeeInvis .   a - +0 short sword
rCold   . . .      Faith    .   (no shield)
rNeg    . . .      Spirit   .   b - +0 leather armour
rPois   .          Reflect  .   (no helmet)
rElec   .          Harm     .   h - +0 cloak
rCorr   .          Rampage  .   (no gloves)
Will    .....                   (no boots)
Stlth   +++.......              (no amulet)
HPRegen 0.06/turn               (no ring)
MPRegen 0.09/turn               (no ring)

@: no status effects
A: no striking features
a: Renounce Religion


You were on level 4 of the Dungeon.
You worshipped Kikubaaqudgha.
Kikubaaqudgha was noncommittal.
You visited 1 branch of the dungeon, and saw 3 of its levels.

Inventory:

Hand Weapons
 a - a +0 short sword (weapon)
Missiles
 j - a throwing net (quivered)
Armour
 b - a +0 leather armour (worn)
 h - a +0 cloak (worn)
Wands
 g - a wand of digging (3)
Scrolls
 c - a scroll of fog
 d - a scroll of magic mapping
 e - a scroll of fear
 i - 3 scrolls of identify {unknown}
Potions
 f - a potion of haste


   Skills:
 - Level 2.4 Fighting
 - Level 2.0 Short Blades
 - Level 2.4 Dodging
 + Level 6.8 Stealth


You had one spell level left.
You didn't know any spells.
Your spell library was empty.

Dungeon Overview and Level Annotations

Branches:
Dungeon (6/15)
 Temple: D:4-7

Altars:
Kikubaaqudgha

Annotations:
D:4 Pikel


Message History

You hit the orc but do no damage. The orc misses you.
You hit the orc but do no damage. The orc barely misses you.
You closely miss the orc. The orc hits you with a +0 dagger.
You hit the orc but do no damage. The orc hits you with a +0 dagger.
* * * LOW HITPOINT WARNING * * *
You hit the orc but do no damage. The orc closely misses you.
You hit the orc.
The orc is moderately wounded.
The orc hits you with a +0 dagger.
* * * LOW HITPOINT WARNING * * *
Unknown command.
Found a throwing net.
Found a stone staircase leading up.
You see here a throwing net.
j - a throwing net
Okay, then.
There is a stone staircase leading up here.
You climb upwards.
The lemure shouts! x2
A ball python, 2 lemures and Pikel come into view.
Pikel is wielding a +1 whip of flaming and wearing a +2 robe of the Archmagi.
The lemure shouts! x2; Pikel shouts!
There is a stone staircase leading down here.
Unknown command.
Unknown command.
The ball python bites you.
* * * LOW HITPOINT WARNING * * *
The ball python barely misses you. The ball python bites you.
* * * LOW HITPOINT WARNING * * *
The ball python grabs you. The ball python constricts you.
You escape the ball python's grasp.
There is a stone staircase leading down here.
You hit the ball python.
The ball python is moderately wounded.
The ball python bites you but does no damage.
The ball python grabs you. The ball python constricts you.
You escape the ball python's grasp.
The ball python bites you.
You die...
Kikubaaqudgha rasps: "You have failed me!
Welcome... death!"

.. # . .. .# .# .# #.
.#. .###.#....
#....... #....# ##
#..# .. ##.
##..#####...# ##...
###....@....#
##....###......S#####
#.. #.........###.5##
#..# ###....## #.5#
#..# ##..## ##5# .K#
#.## #.# ..# #. ##.#
#..# #. #..#
##...##.. #.
#..####>.......


You could see 3 lemures and a ball python.

Vanquished Creatures
  An adder (D:5)
  3 orcs (D:5)
4 creatures vanquished.

Notes
Turn   | Place    | Note
-------+----------+-------------------------------------------
     0 | D:5      | Spectrina the Deep Elf Delver began the quest for the Orb.
     0 | D:5      | Reached XP level 1. HP: 13/13 MP: 3/3
    13 | D:5      | Noticed an ice beast
   114 | D:5      | Found an ancient bone altar of Kikubaaqudgha.
   124 | D:5      | Reached XP level 2. HP: 18/18 MP: 4/4
   126 | D:5      | Became a worshipper of Kikubaaqudgha
   262 | D:4      | Noticed a lemure
   262 | D:4      | Noticed a lemure
   262 | D:4      | Noticed Pikel
   262 | D:4      | Noticed a lemure
   262 | D:4      | Noticed a lemure
   277 | D:4      | Slain by a ball python

Illustrated notes

Levels and vault maps discovered:
D:4:      layout_layer_cave, uniq_pikel
D:5:      layout_loops_corners, kiku_gazebo_pond_becter, zin_purify,
          minmay_misc_feat_enclosed
D:6:      layout_cave_pools, mainiacjoe_overflow_24_doors

Action                   || total
-------------------------++-------
Melee: Short sword       ||    43
  Use: Potion            ||     1
Armor: Leather armour    ||    11
Dodge: Dodged            ||    21

Table legend: (Time is in decaauts)
 A = Elapsed time spent in this place.
 B = Non-inter-level travel time spent in this place.
 C = Inter-level travel time spent in this place.
 D = Time resting spent in this place.
 E = Time spent auto-exploring this place.
 F = Levels seen in this place.
 G = Mean time per level.
                   A        B        C        D        E       F      G
               +--------+--------+--------+--------+--------+-----+--------+
         Total |    278 |    278 |      0 |      0 |      0 |   3 |   92.7 |
       Dungeon |    278 |    278 |      0 |      0 |      0 |   3 |   92.7 |
               +--------+--------+--------+--------+--------+-----+--------+

Top non-repeatable levels by time:
     D:5: 241 daAuts
     D:4: 35 daAuts
     D:6: 1 daAuts
